 Dungeon Crawl Stone Soup version 0.23-a0-307-gc3b755d (webtiles) character file.

12 iamserjio the Skirmisher (level 2, 0/19 HPs)
             Began as a Deep Elf Wanderer on Oct 10, 2018.
             Slain by a gnoll
             ... wielding a +0 spear
              (5 damage)
             ... on level 1 of the Dungeon.
             The game lasted 00:01:41 (129 turns).

iamserjio the Skirmisher (Deep Elf Wanderer)         Turns: 129, Time: 00:01:42

Health: 0/19       AC:  5    Str:  7    XL:     2   Next: 20%
Magic:  5/5        EV:  9    Int: 19    God:
Gold:   16         SH:  0    Dex: 13    Spells: 3/3 levels left

rFire    . . .     SeeInvis .   a - +2 falchion
rCold    . . .     Gourm    .   (no shield)
rNeg     . . .     Faith    .   b - +0 ring mail
rPois    .         Spirit   .   (no helmet)
rElec    .         Reflect  .   (no cloak)
rCorr    .         Harm     .   (no gloves)
MR       .....                  (no boots)
Stlth    +.........             (no amulet)
HPRegen  0.06/turn              (no ring)
MPRegen  0.09/turn              (no ring)

@: no status effects
A: no striking features
a: no special abilities


You were on level 1 of the Dungeon.
You were not hungry.

You visited 1 branch of the dungeon, and saw 1 of its levels.

You collected 16 gold pieces.

Inventory:

Hand Weapons
 a - a +2 falchion (weapon)
Missiles
 f - 23 arrows
Armour
 b - a +0 ring mail (worn)
Potions
 c - a potion of lignification
 e - a potion of haste {unknown}
Comestibles
 d - a ration


   Skills:
 - Level 3.2 Fighting
 + Level 1.4 Long Blades
   Level 1.1 Bows
 - Level 1.5 Armour
 * Level 1.2 Dodging
   Level 1.0 Shields
 - Level 1.1 Spellcasting
   Level 1.1 Evocations


You had 3 spell levels left.
You didn't know any spells.
Your spell library was empty.

Dungeon Overview and Level Annotations

Branches:
Dungeon (1/15)

Altars:


Message History

There is a stone staircase leading down here.
You aren't carrying any items that you can evoke.
Unknown command.
Okay, then.
The gnoll closely misses you.
You riposte.
You closely miss the gnoll. You hit the gnoll but do no damage.
The gnoll hits you with a spear.
You hit the gnoll. The gnoll closely misses you.
A jackal comes into view.
The jackal barks!
You hit the gnoll.
You hear a bark!
A jackal comes into view.
The gnoll hits you but does no damage.
The jackal moves out of view.
You hear a bark!
Your ring mail prevents you from hitting the gnoll.
The gnoll hits you with a spear. The gnoll barely misses you.
You hit the gnoll. The gnoll hits you with a spear.
* * * LOW HITPOINT WARNING * * *
You closely miss the gnoll. The gnoll hits you with a spear.
You die...

#####.........#
#...........#.#
#...........#.# .
#.............#### ..
###..........#.....# ...
............##.....#h...
............###>........
............##....h.....
.........#####..@....##
.........# #..g....#
.........# #.......#
.........# #.......#
.........# #.......#
.........# #.......#
########## #########


You could see a gnoll and 2 jackals.

Vanquished Creatures
  A leopard gecko (D:1)
  A goblin (D:1)
  3 hobgoblins (D:1)
  3 kobolds (D:1)
  A bat (D:1)
  2 rats (D:1)
11 creatures vanquished.

Notes
Turn   | Place    | Note
-------+----------+-------------------------------------------
     0 | D:1      | iamserjio the Deep Elf Wanderer began the quest for the
                  | Orb.
     0 | D:1      | iamserjio set off with: a +2 falchion, a +0 ring mail, a
                  | potion of lignification, a ration
     0 | D:1      | Reached XP level 1. HP: 14/14 MP: 3/3
    25 | D:1      | Reached skill level 1 in Spellcasting
    70 | D:1      | Reached skill level 1 in Dodging
    70 | D:1      | Reached XP level 2. HP: 14/19 MP: 5/5
   129 | D:1      | Slain by a gnoll

Vault maps used:
D:1:      dpeg_arrival_oval

Skill      XL: |  1 |
---------------+----+-----
Spellcasting   | 1 |  1.1
Dodging        | 1 |  1.2
Fighting       | |  3.2
Long Blades    | |  1.4
Bows           | |  1.1
Armour         | |  1.5
Shields        | |  1.0
Evocations     | |  1.1

Action                   || total
-------------------------++-------
Melee: Falchion          ||    33
Armor: Ring mail         ||    15
Dodge: Dodged            ||    21
       Rpst.: Falchion   ||     7

Table legend:
 A = Non-vault XP
 B = Vault XP
 C = Vault XP percentage of total XP
 D = Non-vault monster count
 E = Vault monster count
 F = Vault count percentage of total count
                 A         B        C        D         E       F
            +---------+---------+-------+---------+---------+-------
      Total |      18 |       0 |   0.0 |      11 |       0 |   0.0
            +---------+---------+-------+---------+---------+-------
        D:1 |      18 |       0 |   0.0 |      11 |       0 |   0.0
            +---------+---------+-------+---------+---------+-------
